Canadiens vs Flyers
Created - May 3, 2023 at 19:32
Goals
|
| Canadiens |
1 |
0 |
1 |
0 |
0 |
2 |
| Flyers |
0 |
2 |
0 |
0 |
1 |
3 |
|
Shots
|
| Canadiens |
11 |
11 |
15 |
0 |
3 |
37 |
| Flyers |
6 |
9 |
8 |
1 |
2 |
24 |
|
1st period
1. Canadiens , Mike Richards 14 (Kevin Shattenkirk 35) at 8:22
Penalties :
Jordan Szwarz (Mon) for Tripping (Minor) at 4:17, Cam Fowler (Mon) for Tripping (Minor) at 12:16, Chris Kreider (Mon) for Hooking (Minor) at 16:27
2nd period
2. Flyers , Jordan Nolan 23 (Jakub Voracek 27, Calle Jarnkrok 10) at 6:56
3. Flyers , Drew Miller 17 (Calle Jarnkrok 11, Jacob Trouba 28) at 13:10 (SH)
Penalties :
Max Pacioretty (Phi) for Roughing (Double Minor) at 1:01, Jeff Carter (Phi) for Hooking (Minor) at 8:03, Jakub Voracek (Phi) for Holding (Minor) at 11:43
3rd period
4. Canadiens , Kevin Shattenkirk 14 (Chris Kreider 53) at 5:45
Penalties :
Drew Miller (Phi) for Interference (Minor) at 10:56
Overtime #1
No Goal
Penalties :
No Penalty
Shootout
Canadiens, Chris Kreider - Shot Misses the Net
Flyers, Jordan Nolan - Shot Misses the Net
Canadiens, Jean-Gabriel Pageau - Stopped by Steve Mason
Flyers, Jakub Voracek - Goal!
Canadiens, Mika Zibanejad - Stopped by Steve Mason
Penalties :
No Penalty
Goalie Stats
Robin Lehner (Mon), 22 saves from 24 shots - (0.917), OTL, 24-26-9, 65:00 minutes
Steve Mason (Phi), 35 saves from 37 shots - (0.946), W, 22-19-4, 65:00 minutes
Players Stats for Canadiens
Player Name G A P +/- PIM S H SB GA TA FO MP PP MP PK MP
------------------------------------------------------------------------------------
Brandon Bollig 0 0 0 0 0 2 2 0 0 0 0/0 11:25 0:40 2:33
Brian Dumoulin 0 0 0 -1 0 0 3 0 0 0 0/0 18:30 4:10 1:17
Cam Fowler 0 0 0 1 2 2 4 0 0 1 0/0 28:47 5:39 2:13
Chris Kreider 0 1 1 0 2 4 3 0 1 1 2/4 21:31 4:54 0:34
Corban Knight 0 0 0 0 0 0 2 0 0 0 0/0 11:19 0:53 2:33
Greg Stewart 0 0 0 -1 0 4 2 1 0 0 2/3 19:35 4:22 0:01
Jean-Gabriel Pageau 0 0 0 -1 0 3 3 0 0 0 10/16 21:19 4:09 0:35
Jordan Szwarz 0 0 0 -1 2 2 0 1 0 0 1/2 15:13 0:48 0:00
Kevin Shattenkirk 1 1 2 1 0 2 3 2 0 1 0/0 28:59 5:39 2:34
Mark Stuart 0 0 0 -1 0 2 1 0 0 0 0/0 23:45 4:10 3:16
Mattias Tedenby 0 0 0 0 0 2 0 0 0 0 0/0 6:40 0:00 0:00
Mika Zibanejad 0 0 0 0 0 4 1 0 0 0 12/24 20:58 4:54 0:00
Mike Richards 1 0 1 1 0 2 0 0 0 0 4/8 11:36 0:00 2:49
Nikita Kucherov 0 0 0 0 0 5 2 0 1 0 0/0 20:00 4:55 0:00
Philip Larsen 0 0 0 0 0 2 0 0 0 0 0/0 12:10 0:07 0:00
Rickard Rakell 0 0 0 1 0 0 0 0 0 0 0/2 12:48 4:13 0:00
Scott Hartnell 0 0 0 1 0 0 3 0 1 0 0/0 11:36 0:00 2:49
Sean Zimmerman 0 0 0 0 0 1 1 0 0 0 0/0 17:49 0:07 2:34
Players Stats for Flyers
Player Name G A P +/- PIM S H SB GA TA FO MP PP MP PK MP
------------------------------------------------------------------------------------
Brian Lashoff 0 0 0 0 0 0 1 0 0 0 0/0 24:01 2:35 3:53
Brock Nelson 0 0 0 -1 0 3 3 1 0 0 0/0 10:15 0:00 2:02
Calle Jarnkrok 0 2 2 0 0 0 0 0 0 0 1/3 8:03 0:00 1:31
Drew Miller 1 0 1 1 2 1 2 0 2 0 0/1 16:26 2:45 0:18
Jacob Trouba 0 1 1 0 0 1 3 0 0 1 0/0 29:08 3:22 5:20
Jake Dotchin 0 0 0 0 0 1 0 1 0 1 0/0 11:59 0:00 0:59
Jakub Voracek 0 1 1 0 2 3 1 0 0 0 2/4 24:16 3:12 3:58
Jeff Carter 0 0 0 0 2 3 1 0 1 0 5/11 18:38 2:45 2:04
Jonathan Ericsson 0 0 0 0 0 0 1 1 0 0 0/0 11:24 0:00 0:31
Jordan Nolan 1 0 1 0 0 2 1 1 0 0 13/28 25:21 3:02 5:14
Marcus Kruger 0 0 0 0 0 3 0 1 0 0 0/0 15:13 2:42 0:00
Matt Smaby 0 0 0 0 0 0 3 2 0 1 0/0 24:01 2:35 3:53
Max Pacioretty 0 0 0 0 4 1 0 0 0 0 4/6 20:39 3:02 1:39
Nathan Beaulieu 0 0 0 0 0 0 1 2 0 0 0/0 29:27 3:22 5:16
Nick Ritchie 0 0 0 0 0 1 0 0 0 0 0/0 13:37 0:00 3:06
Niclas Bergfors 0 0 0 0 0 3 2 0 0 0 0/0 10:11 0:10 0:00
Travis Konecny 0 0 0 -1 0 2 0 1 0 0 0/0 6:32 0:00 0:00
Travis Zajac 0 0 0 0 0 0 0 0 0 0 3/6 10:49 0:13 0:00
3 Stars
1 - Kevin Shattenkirk (Mon)
2 - Steve Mason (Phi)
3 - Jordan Nolan (Phi)
Power Play
Canadiens - 0 on 5 Attempt(s) - 0.00%
Flyers - 0 on 3 Attempt(s) - 0.00%
Penalty Kill
Canadiens - 3 on 3 Attempt(s) - 100.00%
- Score 0 goal in Penalty Kill
Flyers - 5 on 5 Attempt(s) - 100.00%
- Score 1 goal in Penalty Kill
Team Stat
Canadiens - Hits : 30 - Faceoff Wins : 31 - Blocked Shots : 4 - Penalty Minutes : 6
Flyers - Hits : 19 - Faceoff Wins : 28 - Blocked Shots : 10 - Penalty Minutes : 10
Official
Referees : Jacob Brenk and Steve Kozari
Linesman : Ryan Galloway and Derek Amell
Game Notes
7:22 of 3rd period - Flyers goal is going for a video replay. After video review, No Goal. The attacking player has interfered with a goalkeeper in his goal crease.
Finance
Level 1 -- Attendance: 5411 (90.18%) -- Ticket Income $541,100
Level 2 -- Attendance: 5000 (100.00%) -- Ticket Income $300,000
Level 3 -- Attendance: 1955 (97.75%) -- Ticket Income $68,425
Level 4 -- Attendance: 3778 (94.45%) -- Ticket Income $94,450
Luxury Box -- Attendance: 926 (92.60%) -- Ticket Income $185,200
Game was played at the Wells Fargo Center.
Total Attendance: 17070 (94.83%)
Total Ticket Income: $1,189,175
Other Income: $178,376
Total Income: $1,367,551
Canadiens
5 vs 5 Forward
Center Left Wing Right Wing Time % Phy DF OF
1 Mika Zibanejad Chris Kreider Nikita Kucherov 35 0 0 5
2 Jean-Gabriel Pageau Greg Stewart Jordan Szwarz 35 0 1 4
3 Mike Richards Scott Hartnell Rickard Rakell 20 0 2 3
4 Corban Knight Brandon Bollig Mattias Tedenby 10 0 2 3
5 vs 5 Defense
Defense Defense Time % Phy DF OF
1 Kevin Shattenkirk Cam Fowler 40 0 2 3
2 Sean Zimmerman Mark Stuart 30 0 2 3
3 Brian Dumoulin Philip Larsen 20 0 2 3
4 Cam Fowler Kevin Shattenkirk 10 0 2 3
PowerPlay Forward
Center Left Wing Right Wing Time % Phy DF OF
1 Mika Zibanejad Chris Kreider Nikita Kucherov 60 0 0 5
2 Jean-Gabriel Pageau Greg Stewart Rickard Rakell 40 0 1 4
PowerPlay Defense
Defense Defense Time % Phy DF OF
1 Kevin Shattenkirk Cam Fowler 60 0 1 4
2 Brian Dumoulin Mark Stuart 40 0 1 4
Penalty Kill 4 Players Forward
Center Wing Time % Phy DF OF
1 Mike Richards Scott Hartnell 60 0 4 1
2 Corban Knight Brandon Bollig 40 0 4 1
Penalty Kill 4 Players Defense
Defense Defense Time % Phy DF OF
1 Cam Fowler Mark Stuart 60 0 5 0
2 Sean Zimmerman Kevin Shattenkirk 40 0 5 0
Penalty Kill - 3 Players Forward
Forward Time % Phy DF OF
1 Jean-Gabriel Pageau 60 0 5 0
2 Mika Zibanejad 40 0 5 0
Penalty Kill - 3 Players Defense
Defense Defense Time % Phy DF OF
1 Cam Fowler Mark Stuart 60 0 5 0
2 Sean Zimmerman Philip Larsen 40 0 5 0
4 vs 4 Forward
Center Wing Time % Phy DF OF
1 Jean-Gabriel Pageau Chris Kreider 60 0 2 3
2 Mika Zibanejad Nikita Kucherov 40 0 2 3
4 vs 4 Defense
Defense Defense Time % Phy DF OF
1 Philip Larsen Brian Dumoulin 60 0 2 3
2 Cam Fowler Mark Stuart 40 1 2 2
Last Minutes Offensive
Center Left Wing Right Wing Defense Defense
Mika Zibanejad Chris Kreider Nikita Kucherov Kevin Shattenkirk Cam Fowler
Last Minutes Defensive
Center Left Wing Right Wing Defense Defense
Jean-Gabriel Pageau Scott Hartnell Jordan Szwarz Mark Stuart Cam Fowler
Goaltenders
Starting : Robin Lehner
Backup : Allen York
Extra Forwards
Normal : Chris Kreider, Mika Zibanejad, Jean-Gabriel Pageau - PP : Chris Kreider, Mika Zibanejad - PK : Scott Hartnell
Extra Defensemen
Normal : Kevin Shattenkirk, Cam Fowler, Mark Stuart - PP : Kevin Shattenkirk - PK : Cam Fowler, Mark Stuart
Penalty Shots
Chris Kreider, Jean-Gabriel Pageau, Mika Zibanejad, Nikita Kucherov, Rickard Rakell
Scratches
None
Flyers
5 vs 5 Forward
Center Left Wing Right Wing Time % Phy DF OF
1 Jordan Nolan Max Pacioretty Jakub Voracek 40 1 2 2
2 Jeff Carter Drew Miller Marcus Kruger 30 1 2 2
3 Travis Zajac Nick Ritchie Niclas Bergfors 20 1 2 2
4 Calle Jarnkrok Brock Nelson Travis Konecny 10 1 2 2
5 vs 5 Defense
Defense Defense Time % Phy DF OF
1 Jacob Trouba Nathan Beaulieu 40 1 2 2
2 Brian Lashoff Matt Smaby 30 1 2 2
3 Jonathan Ericsson Jake Dotchin 20 1 2 2
4 Jacob Trouba Nathan Beaulieu 10 1 2 2
PowerPlay Forward
Center Left Wing Right Wing Time % Phy DF OF
1 Jordan Nolan Max Pacioretty Jakub Voracek 60 1 2 2
2 Jeff Carter Drew Miller Marcus Kruger 40 1 2 2
PowerPlay Defense
Defense Defense Time % Phy DF OF
1 Jacob Trouba Nathan Beaulieu 60 1 2 2
2 Brian Lashoff Matt Smaby 40 1 2 2
Penalty Kill 4 Players Forward
Center Wing Time % Phy DF OF
1 Jordan Nolan Jakub Voracek 60 1 2 2
2 Max Pacioretty Jeff Carter 40 1 2 2
Penalty Kill 4 Players Defense
Defense Defense Time % Phy DF OF
1 Jacob Trouba Nathan Beaulieu 60 1 2 2
2 Brian Lashoff Matt Smaby 40 1 2 2
Penalty Kill - 3 Players Forward
Forward Time % Phy DF OF
1 Jordan Nolan 60 1 2 2
2 Jakub Voracek 40 1 2 2
Penalty Kill - 3 Players Defense
Defense Defense Time % Phy DF OF
1 Jacob Trouba Nathan Beaulieu 60 1 2 2
2 Brian Lashoff Matt Smaby 40 1 2 2
4 vs 4 Forward
Center Wing Time % Phy DF OF
1 Jordan Nolan Jakub Voracek 60 1 2 2
2 Max Pacioretty Jeff Carter 40 1 2 2
4 vs 4 Defense
Defense Defense Time % Phy DF OF
1 Jacob Trouba Nathan Beaulieu 60 1 2 2
2 Brian Lashoff Matt Smaby 40 1 2 2
Last Minutes Offensive
Center Left Wing Right Wing Defense Defense
Jordan Nolan Max Pacioretty Jakub Voracek Jacob Trouba Nathan Beaulieu
Last Minutes Defensive
Center Left Wing Right Wing Defense Defense
Jordan Nolan Max Pacioretty Jakub Voracek Jacob Trouba Nathan Beaulieu
Goaltenders
Starting : Steve Mason
Backup : Ilya Sorokin
Extra Forwards
Normal : Travis Zajac, Niclas Bergfors, Nick Ritchie - PP : Travis Zajac, Niclas Bergfors - PK : Nick Ritchie
Extra Defensemen
Normal : Jonathan Ericsson, Jake Dotchin, Brian Lashoff - PP : Jonathan Ericsson - PK : Jake Dotchin, Brian Lashoff
Penalty Shots
Jordan Nolan, Jakub Voracek, Max Pacioretty, Jeff Carter, Travis Zajac
Scratches
Tomas Kubalik (Healthy)
% Time on Ice - Canadiens
Lines # - Real PCT - Wanted PCT - Time Play
Normal Forward
1 - 32% - 35% - 14:14
2 - 33% - 35% - 14:26
3 - 20% - 20% - 8:47
4 - 15% - 10% - 6:40
Normal Defense
1 - 41% - 40% - 18:10
2 - 34% - 30% - 15:10
3 - 21% - 20% - 9:28
4 - 3% - 10% - 1:19
PP Forward
1 - 56% - 60% - 5:34
2 - 44% - 40% - 4:22
PP Defense
1 - 57% - 60% - 5:39
2 - 43% - 40% - 4:17
PK Forward
1 - 72% - 60% - 4:18
2 - 28% - 40% - 1:39
PK Defense
1 - 57% - 60% - 3:23
2 - 43% - 40% - 2:34
PK3 Forward
1 - 0% - 60%
2 - 0% - 40%
PK3 Defense
1 - 0% - 60%
2 - 0% - 40%
44 Forward
1 - 81% - 60% - 4:03
2 - 19% - 40% - 0:57
44 Defense
1 - 46% - 60% - 2:18
2 - 54% - 40% - 2:42
Last Minute Offensive - 0:00
Last Minute Defensive - 0:00
Total
Forward - 65:00
Defense - 65:00
|
% Time on Ice - Flyers
Lines # - Real PCT - Wanted PCT - Time Play
Normal Forward
1 - 36% - 40% - 16:03
2 - 29% - 30% - 12:49
3 - 20% - 20% - 8:43
4 - 15% - 10% - 6:32
Normal Defense
1 - 41% - 40% - 17:59
2 - 36% - 30% - 15:48
3 - 22% - 20% - 9:55
4 - 1% - 10% - 0:25
PP Forward
1 - 54% - 60% - 3:12
2 - 46% - 40% - 2:45
PP Defense
1 - 57% - 60% - 3:22
2 - 43% - 40% - 2:35
PK Forward
1 - 72% - 60% - 7:12
2 - 28% - 40% - 2:44
PK Defense
1 - 61% - 60% - 6:03
2 - 39% - 40% - 3:53
PK3 Forward
1 - 0% - 60%
2 - 0% - 40%
PK3 Defense
1 - 0% - 60%
2 - 0% - 40%
44 Forward
1 - 72% - 60% - 3:36
2 - 28% - 40% - 1:24
44 Defense
1 - 65% - 60% - 3:15
2 - 35% - 40% - 1:45
Last Minute Offensive - 0:00
Last Minute Defensive - 0:00
Total
Forward - 65:00
Defense - 65:00
|
Play-by-Play
1st period
0:01 of 1st period - Jordan Nolan wins face-off versus Mika Zibanejad in neutral zone.
0:32 of 1st period - Wrist shot by Greg Stewart.
0:32 of 1st period - Stopped by Steve Mason with a rebound.
1:22 of 1st period - Wrist shot by Brock Nelson.
1:22 of 1st period - Stopped by Robin Lehner with a rebound.
1:34 of 1st period - Slapshot by Marcus Kruger.
1:34 of 1st period - Shot Misses the Net.
1:36 of 1st period - Slapshot by Brian Lashoff.
1:36 of 1st period - Deflect By Marcus Kruger.
1:36 of 1st period - Shot Misses the Net.
1:36 of 1st period - Puck is out of play.
1:37 of 1st period - Jeff Carter wins face-off versus Jean-Gabriel Pageau in Canadiens zone.
1:46 of 1st period - Slapshot by Jeff Carter.
1:46 of 1st period - Shot Misses the Net.
2:04 of 1st period - Max Pacioretty is hit by Chris Kreider.
2:10 of 1st period - Wrist shot by Nikita Kucherov.
2:10 of 1st period - Stopped by Steve Mason without a rebound.
2:11 of 1st period - Chris Kreider wins face-off versus Jordan Nolan in Flyers zone.
2:14 of 1st period - Wrist shot by Nikita Kucherov.
2:14 of 1st period - Deflect By Matt Smaby.
2:14 of 1st period - Stopped by Steve Mason without a rebound.
2:15 of 1st period - Jordan Nolan wins face-off versus Mika Zibanejad in Flyers zone.
2:26 of 1st period - Wrist shot by Jordan Nolan.
2:26 of 1st period - Shot Misses the Net.
2:34 of 1st period - Jordan Nolan is hit by Cam Fowler and loses puck.
3:27 of 1st period - Wrist shot by Mika Zibanejad.
3:27 of 1st period - Shot Misses the Net.
3:29 of 1st period - Wrist shot by Nikita Kucherov.
3:29 of 1st period - Deflect By Mika Zibanejad.
3:29 of 1st period - Stopped by Steve Mason without a rebound.
3:30 of 1st period - Jean-Gabriel Pageau wins face-off versus Travis Zajac in Flyers zone.
4:01 of 1st period - Slapshot by Travis Konecny.
4:01 of 1st period - Stopped by Robin Lehner with a rebound.
4:03 of 1st period - Wrist shot by Jake Dotchin.
4:03 of 1st period - Stopped by Robin Lehner with a rebound.
4:17 of 1st period - Minor Penalty to Jordan Szwarz for Tripping.
4:18 of 1st period - Jeff Carter wins face-off versus Mike Richards in Canadiens zone.
4:45 of 1st period - Jacob Trouba is hit by Corban Knight and loses puck.
6:17 of 1st period - Penalty to Jordan Szwarz is over, Jordan Szwarz is back on ice.
6:58 of 1st period - Nikita Kucherov is hit by Niclas Bergfors and loses puck.
7:34 of 1st period - Max Pacioretty is hit by Brandon Bollig.
8:22 of 1st period - Snap shot by Mike Richards.
8:22 of 1st period - Goal by Mike Richards - Canadiens : 1 - Flyers : 0.
8:23 of 1st period - Jeff Carter wins face-off versus Mike Richards in neutral zone.
8:51 of 1st period - Max Pacioretty is hit by Chris Kreider and loses puck.
8:56 of 1st period - Slapshot by Chris Kreider.
8:56 of 1st period - Stopped by Steve Mason without a rebound.
8:57 of 1st period - Jean-Gabriel Pageau wins face-off versus Jordan Nolan in Flyers zone.
9:12 of 1st period - Cam Fowler is hit by Jordan Nolan and loses puck.
9:19 of 1st period - Jakub Voracek is hit by Jean-Gabriel Pageau and loses puck.
9:34 of 1st period - Slapshot by Scott Hartnell.
9:34 of 1st period - Shot Blocked by Matt Smaby.
9:52 of 1st period - Wrist shot by Nikita Kucherov.
9:52 of 1st period - Stopped by Steve Mason with a rebound.
9:54 of 1st period - Wrist shot by Chris Kreider.
9:54 of 1st period - Stopped by Steve Mason with a rebound.
9:56 of 1st period - Wrist shot by Chris Kreider.
9:56 of 1st period - Stopped by Steve Mason without a rebound.
9:57 of 1st period - Mika Zibanejad wins face-off versus Jeff Carter in Flyers zone.
10:12 of 1st period - Nathan Beaulieu is hit by Brian Dumoulin and loses puck.
11:18 of 1st period - Slapshot by Mattias Tedenby.
11:18 of 1st period - Stopped by Steve Mason with a rebound.
11:20 of 1st period - Slapshot by Mark Stuart.
11:20 of 1st period - Stopped by Steve Mason without a rebound.
11:21 of 1st period - Mika Zibanejad wins face-off versus Jordan Nolan in Flyers zone.
11:33 of 1st period - Snap shot by Jakub Voracek.
11:33 of 1st period - Stopped by Robin Lehner without a rebound.
11:34 of 1st period - Jean-Gabriel Pageau wins face-off versus Jeff Carter in Canadiens zone.
12:16 of 1st period - Minor Penalty to Cam Fowler for Tripping.
12:17 of 1st period - Jordan Nolan wins face-off versus Mike Richards in Canadiens zone.
13:42 of 1st period - Brian Lashoff is hit by Brian Dumoulin and loses puck.
14:07 of 1st period - Max Pacioretty is hit by Kevin Shattenkirk and loses puck.
14:16 of 1st period - Penalty to Cam Fowler is over, Cam Fowler is back on ice.
14:39 of 1st period - Off-side.
14:40 of 1st period - Mika Zibanejad wins face-off versus Calle Jarnkrok in neutral zone.
14:45 of 1st period - Wrist shot by Chris Kreider.
14:45 of 1st period - Shot Blocked by Travis Konecny.
15:12 of 1st period - Slapshot by Niclas Bergfors.
15:12 of 1st period - Shot Misses the Net.
15:49 of 1st period - Wrist shot by Jakub Voracek.
15:49 of 1st period - Shot Misses the Net.
16:27 of 1st period - Minor Penalty to Chris Kreider for Hooking.
16:28 of 1st period - Mike Richards wins face-off versus Jordan Nolan in Canadiens zone.
18:27 of 1st period - Penalty to Chris Kreider is over, Chris Kreider is back on ice.
18:43 of 1st period - Off-side.
18:44 of 1st period - Travis Zajac wins face-off versus Greg Stewart in neutral zone.
18:57 of 1st period - Snap shot by Niclas Bergfors.
18:57 of 1st period - Stopped by Robin Lehner without a rebound.
18:58 of 1st period - Jordan Szwarz wins face-off versus Jeff Carter in Canadiens zone.
19:13 of 1st period - Slapshot by Nathan Beaulieu.
19:13 of 1st period - Shot Blocked by Jordan Szwarz.
19:15 of 1st period - Wrist shot by Marcus Kruger.
19:15 of 1st period - Stopped by Robin Lehner without a rebound.
19:16 of 1st period - Jordan Nolan wins face-off versus Mika Zibanejad in Canadiens zone.
19:42 of 1st period - Marcus Kruger is hit by Greg Stewart and loses puck.
Goals for this period are 1 for Canadiens vs 0 for Flyers.
Shots for this period are 11 for Canadiens vs 6 for Flyers.
2nd period
0:01 of 2nd period - Greg Stewart wins face-off versus Jordan Nolan in neutral zone.
0:35 of 2nd period - Drew Miller is hit by Nikita Kucherov and loses puck.
0:57 of 2nd period - Wrist shot by Mike Richards.
0:57 of 2nd period - Stopped by Steve Mason without a rebound.
0:58 of 2nd period - Jordan Nolan wins face-off versus Rickard Rakell in Flyers zone.
0:58 of 2nd period - Jordan Nolan is hit by Scott Hartnell.
1:01 of 2nd period - Double Minor Penalty to Max Pacioretty for Roughing.
1:02 of 2nd period - Jordan Nolan wins face-off versus Chris Kreider in Flyers zone.
1:07 of 2nd period - Icing by Mika Zibanejad.
1:08 of 2nd period - Mika Zibanejad wins face-off versus Jordan Nolan in Canadiens zone.
1:14 of 2nd period - Slapshot by Cam Fowler.
1:14 of 2nd period - Stopped by Steve Mason without a rebound.
1:15 of 2nd period - Mika Zibanejad wins face-off versus Jakub Voracek in Flyers zone.
1:24 of 2nd period - Snap shot by Chris Kreider.
1:24 of 2nd period - Stopped by Steve Mason with a rebound.
1:52 of 2nd period - Slapshot by Kevin Shattenkirk.
1:52 of 2nd period - Shot Blocked by Nathan Beaulieu.
2:16 of 2nd period - Snap shot by Jeff Carter.
2:16 of 2nd period - Stopped by Robin Lehner with a rebound.
2:26 of 2nd period - Snap shot by Nick Ritchie.
2:26 of 2nd period - Deflect By Jeff Carter.
2:26 of 2nd period - Stopped by Robin Lehner with a rebound.
2:56 of 2nd period - Snap shot by Brock Nelson.
2:56 of 2nd period - Stopped by Robin Lehner with a rebound.
4:12 of 2nd period - Jonathan Ericsson is hit by Brandon Bollig and loses puck.
5:01 of 2nd period - Penalty to Max Pacioretty is over, Max Pacioretty is back on ice.
5:24 of 2nd period - Mark Stuart is hit by Drew Miller and loses puck.
5:31 of 2nd period - Slapshot by Marcus Kruger.
5:31 of 2nd period - Stopped by Robin Lehner with a rebound.
5:43 of 2nd period - Sean Zimmerman is hit by Jakub Voracek and loses puck.
6:08 of 2nd period - Philip Larsen is hit by Jeff Carter and loses puck.
6:12 of 2nd period - Icing by Sean Zimmerman.
6:13 of 2nd period - Mike Richards wins face-off versus Jeff Carter in Canadiens zone.
6:26 of 2nd period - Icing by Jonathan Ericsson.
6:27 of 2nd period - Calle Jarnkrok wins face-off versus Mika Zibanejad in Flyers zone.
6:27 of 2nd period - Calle Jarnkrok is hit by Cam Fowler.
6:56 of 2nd period - Snap shot by Jordan Nolan.
6:56 of 2nd period - Goal by Jordan Nolan - Canadiens : 1 - Flyers : 1.
6:57 of 2nd period - Jakub Voracek wins face-off versus Jean-Gabriel Pageau in neutral zone.
7:02 of 2nd period - Backhand shot by Jacob Trouba.
7:02 of 2nd period - Stopped by Robin Lehner with a rebound.
7:24 of 2nd period - Nathan Beaulieu is hit by Chris Kreider and loses puck.
7:33 of 2nd period - Slapshot by Matt Smaby.
7:33 of 2nd period - Shot Blocked by Kevin Shattenkirk.
8:03 of 2nd period - Minor Penalty to Jeff Carter for Hooking.
8:04 of 2nd period - Mika Zibanejad wins face-off versus Jordan Nolan in Flyers zone.
8:19 of 2nd period - Slapshot by Nikita Kucherov.
8:19 of 2nd period - Stopped by Steve Mason with a rebound.
8:31 of 2nd period - Wrist shot by Jean-Gabriel Pageau.
8:31 of 2nd period - Deflect By Greg Stewart.
8:31 of 2nd period - Stopped by Steve Mason with a rebound.
8:39 of 2nd period - Snap shot by Greg Stewart.
8:39 of 2nd period - Shot Blocked by Jordan Nolan.
8:41 of 2nd period - Snap shot by Mark Stuart.
8:41 of 2nd period - Shot Misses the Net.
9:01 of 2nd period - Wrist shot by Max Pacioretty.
9:01 of 2nd period - Stopped by Robin Lehner without a rebound.
9:02 of 2nd period - Jean-Gabriel Pageau wins face-off versus Max Pacioretty in Canadiens zone.
10:03 of 2nd period - Penalty to Jeff Carter is over, Jeff Carter is back on ice.
10:47 of 2nd period - Wrist shot by Rickard Rakell.
10:47 of 2nd period - Shot Misses the Net.
10:59 of 2nd period - Nick Ritchie is hit by Kevin Shattenkirk and loses puck.
11:36 of 2nd period - Jakub Voracek is hit by Brian Dumoulin and loses puck.
11:43 of 2nd period - Minor Penalty to Jakub Voracek for Holding.
11:44 of 2nd period - Mika Zibanejad wins face-off versus Jordan Nolan in Flyers zone.
11:53 of 2nd period - Nick Ritchie is hit by Mika Zibanejad and loses puck.
13:10 of 2nd period - Wrist shot by Drew Miller.
13:10 of 2nd period - Goal by Drew Miller - Canadiens : 1 - Flyers : 2.
13:11 of 2nd period - Jordan Nolan wins face-off versus Jean-Gabriel Pageau in neutral zone.
13:13 of 2nd period - Off-side.
13:14 of 2nd period - Jordan Nolan wins face-off versus Jean-Gabriel Pageau in neutral zone.
13:29 of 2nd period - Slapshot by Kevin Shattenkirk.
13:29 of 2nd period - Stopped by Steve Mason with a rebound.
13:43 of 2nd period - Penalty to Jakub Voracek is over, Jakub Voracek is back on ice.
13:48 of 2nd period - Brian Lashoff is hit by Nikita Kucherov and loses puck.
14:07 of 2nd period - Slapshot by Brandon Bollig.
14:07 of 2nd period - Stopped by Steve Mason with a rebound.
14:41 of 2nd period - Snap shot by Greg Stewart.
14:41 of 2nd period - Shot Misses the Net.
14:43 of 2nd period - Slapshot by Jean-Gabriel Pageau.
14:43 of 2nd period - Stopped by Steve Mason without a rebound.
14:44 of 2nd period - Jean-Gabriel Pageau wins face-off versus Jeff Carter in Flyers zone.
14:45 of 2nd period - Snap shot by Greg Stewart.
14:45 of 2nd period - Stopped by Steve Mason without a rebound.
14:46 of 2nd period - Mika Zibanejad wins face-off versus Jeff Carter in Flyers zone.
15:39 of 2nd period - Jacob Trouba is hit by Scott Hartnell and loses puck.
16:00 of 2nd period - Max Pacioretty is hit by Kevin Shattenkirk and loses puck.
16:19 of 2nd period - Sean Zimmerman is hit by Brian Lashoff.
16:58 of 2nd period - Mike Richards is hit by Brock Nelson.
17:55 of 2nd period - Jacob Trouba is hit by Sean Zimmerman and loses puck.
18:14 of 2nd period - Mike Richards is hit by Jacob Trouba and loses puck.
18:21 of 2nd period - Nathan Beaulieu is hit by Scott Hartnell and loses puck.
18:33 of 2nd period - Off-side.
18:34 of 2nd period - Jeff Carter wins face-off versus Mika Zibanejad in neutral zone.
18:51 of 2nd period - Snap shot by Jeff Carter.
18:51 of 2nd period - Stopped by Robin Lehner without a rebound.
18:52 of 2nd period - Max Pacioretty wins face-off versus Jean-Gabriel Pageau in Canadiens zone.
18:59 of 2nd period - Snap shot by Jordan Nolan.
18:59 of 2nd period - Shot Blocked by Greg Stewart.
19:09 of 2nd period - Wrist shot by Max Pacioretty.
19:09 of 2nd period - Shot Misses the Net.
19:36 of 2nd period - Wrist shot by Greg Stewart.
19:36 of 2nd period - Shot Misses the Net.
19:38 of 2nd period - Snap shot by Cam Fowler.
19:38 of 2nd period - Stopped by Steve Mason with a rebound.
19:42 of 2nd period - Wrist shot by Jordan Szwarz.
19:42 of 2nd period - Stopped by Steve Mason with a rebound.
19:58 of 2nd period - Snap shot by Jakub Voracek.
19:58 of 2nd period - Shot Misses the Net.
Goals for this period are 0 for Canadiens vs 2 for Flyers.
Shots for this period are 11 for Canadiens vs 9 for Flyers.
3rd period
0:01 of 3rd period - Max Pacioretty wins face-off versus Mika Zibanejad in neutral zone.
0:49 of 3rd period - Sean Zimmerman is hit by Matt Smaby.
1:29 of 3rd period - Greg Stewart is hit by Brock Nelson and loses puck.
1:34 of 3rd period - Snap shot by Travis Konecny.
1:34 of 3rd period - Stopped by Robin Lehner without a rebound.
1:35 of 3rd period - Jordan Nolan wins face-off versus Mika Zibanejad in Canadiens zone.
1:42 of 3rd period - Slapshot by Jordan Nolan.
1:42 of 3rd period - Stopped by Robin Lehner with a rebound.
2:10 of 3rd period - Off-side.
2:11 of 3rd period - Jean-Gabriel Pageau wins face-off versus Jordan Nolan in neutral zone.
3:05 of 3rd period - Wrist shot by Brandon Bollig.
3:05 of 3rd period - Stopped by Steve Mason without a rebound.
3:06 of 3rd period - Max Pacioretty wins face-off versus Mika Zibanejad in Flyers zone.
3:39 of 3rd period - Slapshot by Philip Larsen.
3:39 of 3rd period - Stopped by Steve Mason without a rebound.
3:40 of 3rd period - Jeff Carter wins face-off versus Jordan Szwarz in Flyers zone.
3:57 of 3rd period - Wrist shot by Jean-Gabriel Pageau.
3:57 of 3rd period - Deflect By Greg Stewart.
3:57 of 3rd period - Shot Misses the Net.
3:57 of 3rd period - Puck is out of play.
3:58 of 3rd period - Mika Zibanejad wins face-off versus Jordan Nolan in Flyers zone.
4:25 of 3rd period - Greg Stewart is hit by Nathan Beaulieu and loses puck.
5:16 of 3rd period - Slapshot by Chris Kreider.
5:16 of 3rd period - Deflect By Nikita Kucherov.
5:16 of 3rd period - Stopped by Steve Mason with a rebound.
5:18 of 3rd period - Slapshot by Sean Zimmerman.
5:18 of 3rd period - Shot Blocked by Brock Nelson.
5:20 of 3rd period - Snap shot by Mika Zibanejad.
5:20 of 3rd period - Stopped by Steve Mason without a rebound.
5:21 of 3rd period - Greg Stewart wins face-off versus Jakub Voracek in Flyers zone.
5:24 of 3rd period - Slapshot by Greg Stewart.
5:24 of 3rd period - Stopped by Steve Mason without a rebound.
5:25 of 3rd period - Jordan Nolan wins face-off versus Jean-Gabriel Pageau in Flyers zone.
5:25 of 3rd period - Jordan Nolan is hit by Greg Stewart.
5:37 of 3rd period - Snap shot by Jakub Voracek.
5:37 of 3rd period - Stopped by Robin Lehner without a rebound.
5:38 of 3rd period - Jordan Nolan wins face-off versus Mika Zibanejad in Canadiens zone.
5:45 of 3rd period - Slapshot by Kevin Shattenkirk.
5:45 of 3rd period - Deflect By Jakub Voracek.
5:45 of 3rd period - Goal by Kevin Shattenkirk - Canadiens : 2 - Flyers : 2.
5:46 of 3rd period - Jordan Nolan wins face-off versus Mika Zibanejad in neutral zone.
5:48 of 3rd period - Off-side.
5:49 of 3rd period - Max Pacioretty wins face-off versus Chris Kreider in neutral zone.
5:51 of 3rd period - Off-side.
5:52 of 3rd period - Chris Kreider wins face-off versus Max Pacioretty in neutral zone.
5:59 of 3rd period - Snap shot by Chris Kreider.
5:59 of 3rd period - Deflect By Mika Zibanejad.
5:59 of 3rd period - Stopped by Steve Mason with a rebound.
6:05 of 3rd period - Slapshot by Nathan Beaulieu.
6:05 of 3rd period - Deflect By Jakub Voracek.
6:05 of 3rd period - Stopped by Robin Lehner without a rebound.
6:06 of 3rd period - Jean-Gabriel Pageau wins face-off versus Jordan Nolan in Canadiens zone.
6:43 of 3rd period - Icing by Nathan Beaulieu.
6:44 of 3rd period - Jean-Gabriel Pageau wins face-off versus Drew Miller in Flyers zone.
7:20 of 3rd period - Backhand shot by Drew Miller.
7:20 of 3rd period - Shot Misses the Net.
7:22 of 3rd period - Snap shot by Marcus Kruger.
7:22 of 3rd period - Flyers goal is going for a video replay.
7:22 of 3rd period - The goal is refused. The attacking player has interfered with a goalkeeper in his goal crease..
7:23 of 3rd period - Mike Richards wins face-off versus Jordan Nolan in Canadiens zone.
7:40 of 3rd period - Snap shot by Max Pacioretty.
7:40 of 3rd period - Shot Misses the Net.
7:59 of 3rd period - Icing by Matt Smaby.
8:00 of 3rd period - Mika Zibanejad wins face-off versus Travis Zajac in Flyers zone.
8:15 of 3rd period - Snap shot by Nikita Kucherov.
8:15 of 3rd period - Shot Misses the Net.
8:17 of 3rd period - Slapshot by Sean Zimmerman.
8:17 of 3rd period - Deflect By Nick Ritchie.
8:17 of 3rd period - Stopped by Steve Mason without a rebound.
8:18 of 3rd period - Jean-Gabriel Pageau wins face-off versus Jordan Nolan in Flyers zone.
8:50 of 3rd period - Backhand shot by Niclas Bergfors.
8:50 of 3rd period - Stopped by Robin Lehner with a rebound.
9:00 of 3rd period - Slapshot by Jordan Szwarz.
9:00 of 3rd period - Stopped by Steve Mason without a rebound.
9:01 of 3rd period - Jakub Voracek wins face-off versus Mika Zibanejad in Flyers zone.
9:28 of 3rd period - Mike Richards is hit by Matt Smaby and loses puck.
10:01 of 3rd period - Slapshot by Travis Zajac.
10:01 of 3rd period - Shot Misses the Net.
10:56 of 3rd period - Minor Penalty to Drew Miller for Interference.
10:57 of 3rd period - Mika Zibanejad wins face-off versus Jordan Nolan in Flyers zone.
12:18 of 3rd period - Jordan Nolan is hit by Mark Stuart and loses puck.
12:51 of 3rd period - Mark Stuart is hit by Brock Nelson and loses puck.
12:56 of 3rd period - Penalty to Drew Miller is over, Drew Miller is back on ice.
13:00 of 3rd period - Jacob Trouba is hit by Corban Knight and loses puck.
13:37 of 3rd period - Snap shot by Nick Ritchie.
13:37 of 3rd period - Stopped by Robin Lehner with a rebound.
13:43 of 3rd period - Snap shot by Drew Miller.
13:43 of 3rd period - Deflect By Nick Ritchie.
13:43 of 3rd period - Shot Blocked by Kevin Shattenkirk.
13:43 of 3rd period - Puck is out of play.
13:44 of 3rd period - Jordan Nolan wins face-off versus Mika Zibanejad in Canadiens zone.
14:05 of 3rd period - Jake Dotchin is hit by Jean-Gabriel Pageau and loses puck.
14:16 of 3rd period - Wrist shot by Jean-Gabriel Pageau.
14:16 of 3rd period - Deflect By Drew Miller.
14:16 of 3rd period - Stopped by Steve Mason with a rebound.
14:50 of 3rd period - Snap shot by Scott Hartnell.
14:50 of 3rd period - Shot Misses the Net.
14:52 of 3rd period - Wrist shot by Philip Larsen.
14:52 of 3rd period - Stopped by Steve Mason with a rebound.
15:10 of 3rd period - Snap shot by Mattias Tedenby.
15:10 of 3rd period - Shot Blocked by Matt Smaby.
15:33 of 3rd period - Greg Stewart is hit by Jacob Trouba and loses puck.
16:00 of 3rd period - Backhand shot by Jean-Gabriel Pageau.
16:00 of 3rd period - Stopped by Steve Mason with a rebound.
16:02 of 3rd period - Slapshot by Sean Zimmerman.
16:02 of 3rd period - Shot Blocked by Nathan Beaulieu.
16:04 of 3rd period - Slapshot by Greg Stewart.
16:04 of 3rd period - Deflect By Jean-Gabriel Pageau.
16:04 of 3rd period - Shot Misses the Net.
16:04 of 3rd period - Puck is out of play.
16:05 of 3rd period - Mike Richards wins face-off versus Travis Zajac in Flyers zone.
16:06 of 3rd period - Snap shot by Scott Hartnell.
16:06 of 3rd period - Shot Misses the Net.
16:34 of 3rd period - Slapshot by Chris Kreider.
16:34 of 3rd period - Shot Blocked by Jonathan Ericsson.
16:36 of 3rd period - Snap shot by Mika Zibanejad.
16:36 of 3rd period - Stopped by Steve Mason with a rebound.
16:38 of 3rd period - Slapshot by Mark Stuart.
16:38 of 3rd period - Shot Blocked by Marcus Kruger.
16:40 of 3rd period - Wrist shot by Mark Stuart.
16:40 of 3rd period - Stopped by Steve Mason with a rebound.
16:42 of 3rd period - Backhand shot by Nikita Kucherov.
16:42 of 3rd period - Shot Blocked by Jake Dotchin.
16:44 of 3rd period - Slapshot by Sean Zimmerman.
16:44 of 3rd period - Shot Misses the Net.
17:06 of 3rd period - Snap shot by Mattias Tedenby.
17:06 of 3rd period - Stopped by Steve Mason without a rebound.
17:07 of 3rd period - Travis Zajac wins face-off versus Mike Richards in Flyers zone.
18:59 of 3rd period - Icing by Jacob Trouba.
19:00 of 3rd period - Mika Zibanejad wins face-off versus Calle Jarnkrok in Flyers zone.
19:01 of 3rd period - Slapshot by Nikita Kucherov.
19:01 of 3rd period - Shot Misses the Net.
19:11 of 3rd period - Wrist shot by Brock Nelson.
19:11 of 3rd period - Stopped by Robin Lehner without a rebound.
19:12 of 3rd period - Travis Zajac wins face-off versus Rickard Rakell in Canadiens zone.
19:56 of 3rd period - Jordan Szwarz is hit by Drew Miller and loses puck.
Goals for this period are 1 for Canadiens vs 0 for Flyers.
Shots for this period are 15 for Canadiens vs 8 for Flyers.
Overtime #1
0:01 of 1st overtime period - Jean-Gabriel Pageau wins face-off versus Jordan Nolan in neutral zone.
0:10 of 1st overtime period - Jacob Trouba is hit by Jean-Gabriel Pageau.
0:52 of 1st overtime period - Matt Smaby is hit by Cam Fowler and loses puck.
1:13 of 1st overtime period - Wrist shot by Niclas Bergfors.
1:13 of 1st overtime period - Stopped by Robin Lehner with a rebound.
2:30 of 1st overtime period - Brian Dumoulin is hit by Jonathan Ericsson and loses puck.
3:44 of 1st overtime period - Nikita Kucherov is hit by Matt Smaby and loses puck.
4:01 of 1st overtime period - Kevin Shattenkirk is hit by Jacob Trouba and loses puck.
4:14 of 1st overtime period - Jean-Gabriel Pageau is hit by Niclas Bergfors.
4:44 of 1st overtime period - Jeff Carter is hit by Cam Fowler.
Goals for this period are 0 for Canadiens vs 0 for Flyers.
Shots for this period are 0 for Canadiens vs 1 for Flyers.
ShootOut
5:00 of 1st overtime period - Round #1.
5:00 of 1st overtime period - Canadiens, Chris Kreider.
5:00 of 1st overtime period - Backhand shot by Chris Kreider.
5:00 of 1st overtime period - Shot Misses the Net.
5:00 of 1st overtime period - Flyers, Jordan Nolan.
5:00 of 1st overtime period - Snap shot by Jordan Nolan.
5:00 of 1st overtime period - Shot Misses the Net.
5:00 of 1st overtime period - Round #2.
5:00 of 1st overtime period - Canadiens, Jean-Gabriel Pageau.
5:00 of 1st overtime period - Deke by Jean-Gabriel Pageau.
5:00 of 1st overtime period - Stopped by Steve Mason.
5:00 of 1st overtime period - Flyers, Jakub Voracek.
5:00 of 1st overtime period - Snap shot by Jakub Voracek.
5:00 of 1st overtime period - Goal by Jakub Voracek.
5:00 of 1st overtime period - Round #3.
5:00 of 1st overtime period - Canadiens, Mika Zibanejad.
5:00 of 1st overtime period - Wrist shot by Mika Zibanejad.
5:00 of 1st overtime period - Stopped by Steve Mason.